 Dungeon Crawl Stone Soup version 0.31-a0-743-g45f7035092 (webtiles) character file.

Game seed: 11637380430585564728

1464 Hubris850 the Mimic (level 8, 0/54 HPs)
             Began as a Merfolk Shapeshifter on Sept 12, 2023.
             Was a Follower of Qazlal.
             Succumbed to a green ugly thing's poison
             ... on level 6 of the Dungeon.
             The game lasted 00:17:04 (5742 turns).

Hubris850 the Mimic (Merfolk Shapeshifter)          Turns: 5742, Time: 00:17:04

Health: 0/54       AC:  7    Str: 15    XL:     8   Next: 77%
Magic:  8/8        EV: 11    Int: 11    God:    Qazlal [*.....]
Gold:   237        SH:  1    Dex: 13    Spells: 7/7 levels left

rFire   + .          .
                       - Unarmed
rCold   + . .        (shield currently unavailable)
rNeg    . . .        t - +1 ring mail {rC+}
rPois   .            i - +0 helmet
rElec   .            (no cloak)
rCorr   .            (no gloves)
SInv    .            (no boots)
Will    +....        (no amulet)
Stlth   +            w - ring of protection from fire
HPRegen 0.29/turn    y - ring of willpower
MPRegen 0.11/turn

%: no passive effects
@: lethally poisoned (0 -> -7), flux-form, glowing
A: glow, contaminating, (nimble swimmer 2), mertail
a: Begin Untransformation, Renounce Religion


You were on level 6 of the Dungeon.
You worshipped Qazlal.
Qazlal was aware of your devotion.
You were something dangerously unstable.
You visited 2 branches of the dungeon, and saw 8 of its levels.

You collected 412 gold pieces.
You spent 175 gold pieces at shops.

Inventory:

Hand Weapons
 f - a +0 dagger
 k - a +2 rapier of flaming
 q - a +0 short sword
 u - a +3 whip of venom
Missiles
 e - 5 poisoned darts
 E - 4 boomerangs
 G - 4 throwing nets
Armour
 a - a +0 animal skin
 g - a +0 leather armour
 i - a +0 helmet (worn)
 p - a +0 ring mail
 t - a +1 ring mail of cold resistance (worn)
Magical Staves
 r - a staff of earth
 B - a staff of conjuration
Jewellery
 w - a ring of protection from fire (left hand)
 y - a ring of willpower (right hand)
 A - a ring of positive energy
 N - an amulet of magic regeneration
Talismans
 c - a beast talisman
 d - a flux talisman (active)
 n - a maw talisman
Wands
 b - a wand of paralysis (17)
 o - a wand of polymorph (2)
 C - a wand of iceblast (9)
Scrolls
 h - a scroll of enchant weapon
 l - a scroll of blinking
 m - a scroll of revelation
 H - 2 scrolls of teleportation
 I - 2 scrolls of amnesia
 J - a scroll of enchant armour
 K - a scroll of immolation {unknown}
 M - a scroll of fear {unknown}
 O - a scroll of identify
Potions
 j - 3 potions of curing
 s - 4 potions of haste
 v - 2 potions of ambrosia
 x - a potion of heal wounds
 z - 2 potions of cancellation
 D - 2 potions of invisibility
 F - a potion of mutation
 L - a potion of enlightenment {unknown}


   Skills:
 - Level 1.1 Fighting
 - Level 3.3 Dodging
 + Level 8.4 Unarmed Combat
 + Level 10.1 Shapeshifting


You had 7 spell levels left.
You didn't know any spells.
Your spell library contained the following spells:

 Spells                   Type           Power      Damage    Failure   Level
 Summon Small Mammal      Summ           0%         N/A       56%         1
 Call Canine Familiar     Summ           0%         N/A       91%         3
 Summon Guardian Golem    Hex/Summ       0%         N/A       91%         3


Dungeon Overview and Level Annotations

Branches:
Dungeon (7/15)             Temple (1/1) D:4

Altars:
Cheibriados
Dithmenos
Elyvilon
Fedhas
Hepliaklqana
Kikubaaqudgha
Nemelex Xobeh
Okawaru
Qazlal
Ru
Trog
Uskayaw
Vehumet
Wu Jian
Xom
Zin
The Shining One

Shops:
D:1 [*(   D:5 *


Innate Abilities, Weirdness & Mutations

You are something dangerously unstable.
You glow with magical radiation, making you easy to see and hit.
Foes you strike become dangerously contaminated with magical radiation.
You are incapable of wielding weapons or throwing items.
((You are very nimble when in or above water. (Stealth+, EV+, Speed+++)))
Your lower body shifts to a powerful aquatic tail in water.


Message History

The orc wizard attacks as it pursues you!
The orc wizard closely misses you.
The orc wizard gestures at you while chanting.
The magic dart hits you.
There is a stone staircase leading up here.
The orc wizard casts a spell.
The orc wizard flickers and vanishes!
Deactivating autopickup; reactivate with Ctrl-A.
The orc wizard gestures wildly while chanting.
The orc wizard flickers and vanishes!
The green ugly thing punches you.
You are poisoned.
The green ugly thing poisons you!
You climb upwards.
Reactivating autopickup.
You feel extremely sick.
There is a stone staircase leading down here.
You hit the green ugly thing.
The green ugly thing begins to glow.
The green ugly thing is lightly wounded.
You feel very sick.
The green ugly thing completely misses you.
You hit the green ugly thing.
The green ugly thing glows dangerously bright.
The green ugly thing is lightly wounded.
You feel very sick. The green ugly thing punches you!
You hit the green ugly thing.
The green ugly thing shudders as magic cascades through it!!
The green ugly thing basks in the mutagenic energy and changes!
The white ugly thing is severely wounded.
You feel very sick.
You hit the white ugly thing.
The white ugly thing begins to glow.
The white ugly thing is severely wounded.
You feel sick. The white ugly thing gores you.
* * * LOW HITPOINT WARNING * * *
The white ugly thing freezes you! You resist.
* * * LOW HITPOINT WARNING * * *
You hit the white ugly thing.
The white ugly thing glows dangerously bright.
The white ugly thing is severely wounded.
You die...

##..##....###
##......## ##..
##..###....##
##........# #..
###..##
####..####.........##
##. #...##
##..##...........# ##
#...##
##..............#
#....##
##.............#
......##
##............##
#......##
##............##
#.......##
#...B........##
#........#
#...u.......## ##
#........#
##.........## #.
#........#
#......>..## #.
##.......#
#>......#..## #.
##......#
##.....###..## ##.
###.#### #######
##..## #.# ### #...##
### ##...###..


You could see a white ugly thing (heavy contam).

Vanquished Creatures
  Sigmund (D:4)
  Menkaure (D:4)
  An orc warrior (D:3)
  A black bear (D:3)
  An ogre (D:5)
  A centaur (D:7)
  2 bullfrogs
  A scorpion (D:6)
  2 hounds
  2 orc priests
  2 sleepcaps (D:6)
  2 iguanas
  5 orc wizards
  11 gnolls
  8 adders
  2 ufetubi
  A worm (D:3)
  6 dart slugs
  15 orcs
  7 endoplasms
  6 giant cockroaches
  8 hobgoblins
  3 quokkas
  6 ball pythons
  8 bats
  3 frilled lizards
  8 goblins
  5 kobolds
  8 rats
127 creatures vanquished.

Notes
Turn   | Place    | Note
-------+----------+-------------------------------------------
     0 | D:1      | Hubris850 the Merfolk Shapeshifter began the quest for the
                  | Orb.
     0 | D:1      | Reached XP level 1. HP: 15/15 MP: 1/1
   158 | D:1      | Reached XP level 2. HP: 20/21 MP: 2/2
   355 | D:1      | Found Doafouf's Antique Armour Shop.
   367 | D:1      | Found Weos's Assorted Antiques.
   470 | D:1      | Reached XP level 3. HP: 24/26 MP: 3/3
   504 | D:1      | Found Mupn's Weapon Emporium.
  1294 | D:1      | Bought a runed ring mail for 175 gold pieces
  1371 | D:3      | Reached XP level 4. HP: 32/32 MP: 4/4
  1433 | D:3      | Reached skill level 5 in Shapeshifting
  1494 | D:3      | Noticed an orc warrior
  1516 | D:3      | Killed an orc warrior
  1517 | D:3      | Reached skill level 5 in Unarmed Combat
  1517 | D:3      | Reached XP level 5. HP: 37/37 MP: 5/5
  1556 | D:3      | Reached skill level 6 in Shapeshifting
  1755 | D:3      | Reached XP level 6. HP: 40/43 MP: 6/6
  1794 | D:3      | Noticed a black bear
  1796 | D:3      | Reached skill level 7 in Shapeshifting
  1811 | D:3      | Killed a black bear
  2476 | D:4      | Found a shadowy altar of Dithmenos.
  2679 | D:4      | Found a sacrificial altar of Ru.
  2715 | D:4      | Noticed Sigmund
  2723 | D:4      | Killed Sigmund
  2724 | D:4      | Reached skill level 8 in Shapeshifting
  2724 | D:4      | Reached XP level 7. HP: 48/48 MP: 7/7
  2796 | D:4      | Found a staircase to the Ecumenical Temple.
  2805 | Temple   | Entered the Ecumenical Temple
  2822 | Temple   | Became a worshipper of Qazlal Stormbringer
  2974 | D:4      | Noticed Menkaure
  2980 | D:4      | Killed Menkaure
  3421 | D:5      | Entered Level 5 of the Dungeon
  3465 | D:5      | Reached XP level 8. HP: 44/54 MP: 8/8
  3645 | D:5      | Reached skill level 9 in Shapeshifting
  3812 | D:5      | Found Wyroeliwn's Lightly-Used Armoury.
  4785 | D:6      | Reached * piety under Qazlal
  4850 | D:6      | Found an ancient bone altar of Kikubaaqudgha.
  5463 | D:7      | Reached skill level 10 in Shapeshifting
  5726 | D:7      | Noticed a green ugly thing
  5741 | D:6      | HP: 1/54 [white ugly thing (10)]
  5742 | D:6      | Succumbed to a green ugly thing's poison

Illustrated notes

Levels and vault maps discovered:
D:1:      lemuel_arrival_room, layout_basic, serial_shops, shop, shop_fountains,
          shop, kennysheep_decorative_pillar, bh_walls_and_bars
D:2:      layout_rooms, corexii_leaking_fountain
D:3:      layout_loops_ring, minmay_misc_feat_pillars
D:4:      kennysheep_spiral_hall, layout_basic, lemuel_doored_altar,
          nicolae_ru_the_path_less_chosen, minmay_temple_entry_poolview,
          uniq_menkaure, uniq_sigmund
D:5:      layout_basic, minmay_shop_damaged
D:6:      layout_cave_pods, mainiacjoe_overflow_paths
D:7:      layout_loops_ring, serial_shops, nicolae_shop_tiny_real_fake_doors,
          nicolae_shop_crystal, minmay_microvault, uniq_pikel
Temple:   eino_temple_water

Skill      XL: |  1  2  3  4  5  6  7  8 |
---------------+-------------------------+-----
Dodging        | 3 |  3.3
Unarmed Combat | 4 5 6 7 8 |  8.4
Shapeshifting  | 5 6 8 10 | 10.1
Fighting       | |  1.1

Action                     |  1- 3 |  4- 6 |  7- 9 || total
---------------------------+-------+-------+-------++-------
  Melee: Unarmed           |   121 |   106 |   183 ||   410
         Punch             |     2 |     5 |       ||     7
         Maw               |       |       |     3 ||     3
Ability: Begin Untransform |     1 |     1 |     2 ||     4
    Use: Potion            |       |     6 |       ||     6
         Scroll            |       |     5 |     6 ||    11
 Armour: Animal skin       |     4 |       |       ||     4
         Leather armour    |    54 |       |       ||    54
         Ring mail         |    12 |    58 |   137 ||   207
         Skin              |       |     3 |     4 ||     7
  Dodge: Dodged            |    74 |    45 |    70 ||   189
  Block: Other             |       |       |     1 ||     1
   Form: Beast             |     1 |       |       ||     1
         Flux              |       |     1 |     1 ||     2
         Maw               |       |       |     1 ||     1

Table legend: (Time is in decaauts)
 A = Elapsed time spent in this place.
 B = Non-inter-level travel time spent in this place.
 C = Inter-level travel time spent in this place.
 D = Time resting spent in this place.
 E = Time spent auto-exploring this place.
 F = Levels seen in this place.
 G = Mean time per level.
                   A        B        C        D        E       F      G
               +--------+--------+--------+--------+--------+-----+--------+
         Total |   5678 |   5493 |    185 |    617 |   3811 |   8 |  709.8 |
       Dungeon |   5652 |   5475 |    177 |    617 |   3811 |   7 |  807.4 |
        Temple |     26 |     18 |      8 |      0 |      0 |   1 |   26.0 |
               +--------+--------+--------+--------+--------+-----+--------+

Top non-repeatable levels by time:
     D:4: 1108 daAuts
     D:6: 995 daAuts
     D:5: 974 daAuts
     D:3: 930 daAuts
     D:1: 800 daAuts
     D:2: 515 daAuts
     D:7: 327 daAuts
  Temple: 26 daAuts
